 Dungeon Crawl Stone Soup version 0.28-a0-1506-g3893175d92 (webtiles) character file.

Game seed: 14851698068042125943

151 comborobin the Sneak (level 5, 0/43 HPs)
             Began as a Merfolk Delver on Jan 14, 2022.
             Splashed by a jelly's acid (3 damage)
             ... on level 4 of the Dungeon.
             The game lasted 00:03:03 (1934 turns).

comborobin the Sneak (Merfolk Delver)               Turns: 1934, Time: 00:03:03

Health: 0/43       AC: -9    Str: 10    XL:     5   Next: 33%
Magic:  5/5        EV: 13    Int: 10    God:
Gold:   49         SH:  0    Dex: 17    Spells: 4/4 levels left

rFire   . . .      SeeInvis .   a - +0 spear
rCold   . . .      Faith    .   (no shield)
rNeg    . . .      Spirit   .   i - +0 leather armour
rPois   .          Reflect  .   (helmet restricted)
rElec   .          Harm     .   (no cloak)
rCorr   .          Rampage  .   (no gloves)
Will    .....                   (no boots)
Stlth   +++.......              (no amulet)
HPRegen 0.14/turn               (no ring)
MPRegen 0.09/turn               (no ring)

@: corroded
A: (nimble swimmer 2), mertail, horns 1, weak 1
a: no special abilities


You were on level 4 of the Dungeon.
You visited 1 branch of the dungeon, and saw 4 of its levels.

You collected 49 gold pieces.

Inventory:

Hand Weapons
 a - a +0 spear (weapon)
 b - a +0 hunting sling
Missiles
 j - 10 stones (quivered)
Armour
 i - a +0 leather armour (worn)
Wands
 g - a wand of digging (1)
Scrolls
 c - 2 scrolls of fog
 d - a scroll of magic mapping


   Skills:
 + Level 4.5 Fighting
 + Level 5.0 Polearms
 + Level 4.6 Dodging
 - Level 5.4 Stealth


You had 4 spell levels left.
You didn't know any spells.
Your spell library contained the following spells:

 Spells                   Type           Power      Damage    Failure   Level
 Sandblast                Erth           0%         2d4       45%         1
 Passwall                 Tmut/Erth      0%         N/A       61%         2
 Stone Arrow              Conj/Erth      0%         3d7       83%         3


Dungeon Overview and Level Annotations

Branches:
Dungeon (6/15)
 Temple: D:4-7

Altars:

Annotations:
D:5 2 transporters, Bediveer's ghost, novice MiFi; Blork the orc
D:6 Eustachio


Innate Abilities, Weirdness & Mutations

((You are very nimble when in or above water. (Stealth+, EV+, Speed+++)))
Your lower body shifts to a powerful aquatic tail in water.
You have a pair of small horns on your head.
You are weak. (Str -2)


Message History

The jelly quivers.
The jelly closely misses you.
There is a stone staircase leading down here.
Unknown command.
Okay, then.
Okay, then.
You aren't carrying any potions.
Sorry, you're not good enough to have a special ability.
Unknown command.
Sorry, you're not good enough to have a special ability.
Unknown command.
The orc shouts!
You hit the jelly but do no damage.
Your hands burn!
You headbutt the jelly.
The jelly is lightly wounded.
You hit the jelly. The acid corrodes you!
Your hands burn!
You headbutt the jelly.
The jelly is moderately wounded.
The jelly completely misses you.
You hit the jelly.
Your hands burn!
The jelly is severely wounded.
The jelly misses you.
You hit the jelly but do no damage.
Your hands burn!
You headbutt the jelly, but do no damage.
The jelly is severely wounded.
The jelly hits you. The acid corrodes you!
You are splashed with acid.
You hit the jelly but do no damage. The acid corrodes you!
Your hands burn!
You punch the jelly, but do no damage.
The jelly is severely wounded.
The jelly hits you.
* * * LOW HITPOINT WARNING * * *
You are splashed with acid!
* * * LOW HITPOINT WARNING * * *
You hit the jelly but do no damage.
Your hands burn!
* * * LOW HITPOINT WARNING * * *
The jelly is severely wounded.
The jelly barely misses you.
Unknown command.
Unknown command.
You hit the jelly.
Your hands burn!
You die...

################ #
#####..............##.#
###....................$[
#........................
#..........J@....<....[..
#...........o............
#........................
#........................
#......>.................
#........................
.........................
#........................
#.................


You could see a jelly and an orc.

Vanquished Creatures
  A centaur zombie (D:5)
  A bullfrog skeleton (D:5)
  An iguana (D:5)
  Robin (D:3)
  An adder (D:3)
  A howler monkey skeleton (D:5)
  A shadow imp (D:5)
  An ufetubus (D:5)
  An adder zombie (D:5)
  4 orcs (D:5)
  7 goblins
  3 hobgoblins (D:3)
  A rat (D:3)
24 creatures vanquished.

Notes
Turn   | Place    | Note
-------+----------+-------------------------------------------
     0 | D:5      | comborobin the Merfolk Delver began the quest for the Orb.
     0 | D:5      | Reached XP level 1. HP: 18/18 MP: 1/1
     1 | D:6      | Noticed an orc wizard
     2 | D:6      | Noticed an orc warrior
    49 | D:5      | Reached XP level 2. HP: 22/24 MP: 2/2
    94 | D:6      | Noticed Eustachio
   126 | D:5      | Reached XP level 3. HP: 26/30 MP: 3/3
   237 | D:5      | Noticed Blork the orc
   239 | D:5      | Gained mutation: You are weak. (Str -2) [potion of
                  | mutation]
   239 | D:5      | Gained mutation: You have a pair of small horns on your
                  | head. [potion of mutation]
   368 | D:5      | Noticed a killer bee
   372 | D:5      | Noticed a killer bee
   377 | D:5      | Noticed a killer bee
   386 | D:5      | Noticed a killer bee
   390 | D:5      | Noticed a killer bee
   391 | D:5      | Noticed a killer bee
   393 | D:5      | Noticed Bediveer's ghost (novice MiFi)
   445 | D:5      | Reached XP level 4. HP: 18/37 MP: 4/4
   633 | D:5      | Found a transporter.
   636 | D:5      | Found a transporter.
  1127 | D:3      | Reached XP level 5. HP: 34/43 MP: 5/5
  1212 | D:3      | Noticed Robin
  1381 | D:3      | Noticed an ogre
  1444 | D:3      | Killed Robin
  1445 | D:3      | Reached skill level 5 in Polearms
  1934 | D:4      | Splashed by a jelly's acid

Illustrated notes

Levels and vault maps discovered:
D:3:      layout_rooms, mainiacjoe_overflow_six_doors_small,
          wander_ebering_terrifying_dragon_lair, uniq_terence, uniq_robin
D:4:      layout_layer_cave, gammafunk_ghost_nasty_kobolds
D:5:      layout_cave_pods, gammafunk_ghost_hive, uniq_prince_ribbit1,
          uniq_blork_the_orc
D:6:      cheibrodos_steamvent, layout_basic, minmay_overflow_temple_star_hex,
          uniq_eustachio

Skill      XL: |  1  2  3  4  5 |
---------------+----------------+-----
Dodging        | 3 4 |  4.6
Polearms       | 4 5 |  5.0
Fighting       | 4 |  4.5
Stealth        | |  5.4

Action                   |  1- 3 |  4- 6 || total
-------------------------+-------+-------++-------
Melee: Spear             |    39 |    80 ||   119
       Punch             |     2 |     2 ||     4
       Headbutt          |     2 |    12 ||    14
 Fire: Hunting sling     |     2 |       ||     2
Throw: Dart              |       |    16 ||    16
       Stone             |       |     5 ||     5
Evoke: Wand              |     1 |     1 ||     2
  Use: Potion            |     1 |     2 ||     3
       Scroll            |       |     1 ||     1
 Stab: Sleeping          |     1 |     1 ||     2
Armor: Leather armour    |    14 |    16 ||    30
Dodge: Dodged            |    32 |    49 ||    81

Table legend: (Time is in decaauts)
 A = Elapsed time spent in this place.
 B = Non-inter-level travel time spent in this place.
 C = Inter-level travel time spent in this place.
 D = Time resting spent in this place.
 E = Time spent auto-exploring this place.
 F = Levels seen in this place.
 G = Mean time per level.
                   A        B        C        D        E       F      G
               +--------+--------+--------+--------+--------+-----+--------+
         Total |   1888 |   1857 |     31 |    938 |    446 |   4 |  472.0 |
       Dungeon |   1888 |   1857 |     31 |    938 |    446 |   4 |  472.0 |
               +--------+--------+--------+--------+--------+-----+--------+

Top non-repeatable levels by time:
     D:5: 1491 daAuts
     D:3: 327 daAuts
     D:6: 35 daAuts
     D:4: 34 daAuts
